 Dungeon Crawl Stone Soup version 0.20.0-10-g0535bb4 (webtiles) character file.

457 anfisbena the Ruffian (level 6, -1/65 HPs)
             Began as a Troll Fighter on June 3, 2017.
             Slain by a gnoll
             ... wielding a +0 spear of piercing
              (4 damage)
             ... on level 3 of the Dungeon.
             The game lasted 00:02:07 (1532 turns).

anfisbena the Ruffian (Troll Fighter)               Turns: 1532, Time: 00:02:08

Health: -1/65      AC:  5    Str: 25    XL:     6   Next: 77%
Magic:  5/5        EV:  8    Int:  4    God:
Gold:   66         SH:  9    Dex: 11    Spells: 5/5 levels left

rFire    . . .     SeeInvis +     - Unarmed
rCold    . . .     Gourm    +   b - +0 shield
rNeg     . . .     Faith    .   s - +0 robe {MR+}
rPois    .         Spirit   .   (helmet restricted)
rElec    .         Reflect  .   (no cloak)
rCorr    .         Harm     .   (gloves unavailable)
MR       ++...                  (boots unavailable)
Stlth    +.........             (no amulet)
Regen    0.6/turn               g - ring of protection from magic
MPRegen  0.1/turn               h - ring of see invisible

@: no status effects
A: unfitting armour, claws 3, fast metabolism 3, gourmand, regeneration 1,
shaggy fur 1, tough skin 2
a: no special abilities


You were on level 3 of the Dungeon.
You were completely stuffed.

You visited 1 branch of the dungeon, and saw 3 of its levels.

You collected 66 gold pieces.

Inventory:

Armour
 b - a +0 shield (worn)
 s - a +0 robe of magic resistance (worn)
Jewellery
 g - a ring of protection from magic (left claw)
 h - a ring of see invisible (right claw)
Scrolls
 e - 3 scrolls of identify {unknown}
 k - 2 scrolls of blinking {unknown}
 n - 2 scrolls of immolation {unknown}
 o - a scroll of random uselessness {unknown}
 p - a scroll of magic mapping {unknown}
 q - a scroll of teleportation {unknown}
Potions
 a - a potion of flight {unknown}
 c - a potion of might
 f - a potion of lignification {unknown}
 m - a potion of cancellation {unknown}
 r - a potion of agility {unknown}
Comestibles
 d - 2 bread rations
 i - 2 royal jellies
 j - 4 chunks of flesh
 l - 2 meat rations


   Skills:
 + Level 4.9 Fighting
 - Level 2.4 Dodging
 - Level 2.4 Shields
 + Level 5.2 Unarmed Combat


You had 5 spell levels left.
You didn't know any spells.

Dungeon Overview and Level Annotations

Branches:
Dungeon (3/15)

Altars:
Qazlal
Uskayaw


Innate Abilities, Weirdness & Mutations

You are too large for most types of armour.
You have claws for hands.
Your metabolism is lightning-fast.
You like to eat raw meat.
Your natural rate of healing is unusually fast.
You are covered in fur. (AC +1)
You have very tough skin. (AC +2)


Message History

The gnoll barely misses you.
You scratch the gnoll.
You kill the gnoll!
The gnoll hits you from afar with a spear of piercing!
* * * LOW HITPOINT WARNING * * *
x2 You claw the orc!
You kill the orc!
You block the gnoll's attack. The gnoll barely misses you.
Items here: ))) [ a club; a mace; a flail; a leather armour You closely miss the gnoll.
You block the gnoll's attack.
You claw the gnoll!
The gnoll is heavily wounded.
The gnoll hits you with a spear of piercing!
* * * LOW HITPOINT WARNING * * *
x2 You scratch the gnoll.
The gnoll is heavily wounded.
The gnoll hits you with a spear of piercing.
You die...

#...#.#....###..#..##.. ..
..............#..........
...#####..#..........# #..###
#....###.##.#..##..####...
......#.......###..#....# ###
....#.#).##.#.##.....# #..
.....=..###.#....#..### #.#
.)...#).....#_####....#......
#.....).....#@####.......#.##
#.....#.....g............#.
#.... #####...##.##........
#... ###.##.##.#.#.... ...
#....##.#.#.... ..
##...##.#.# ### . ..........#
#8 ##.###.#.# .. .# #


You could see a gnoll.

Vanquished Creatures
  Sigmund (D:2)
  A crimson imp (D:3)
  An orc priest (D:3)
  Jessica (D:2)
  Robin (D:2)
  6 gnolls
  4 adders
  An ooze (D:3)
  4 worms
  2 leopard geckos
  8 orcs (D:3)
  A ball python (D:2)
  6 bats
  3 giant cockroaches
  15 goblins
  9 hobgoblins
  7 jackals (D:1)
  A quokka (D:3)
  A frilled lizard (D:3)
  5 kobolds
  7 rats
85 creatures vanquished.

Notes
Turn   | Place    | Note
-------+----------+-------------------------------------------
     0 | D:1      | anfisbena the Troll Fighter began the quest for the Orb.
     0 | D:1      | Reached XP level 1. HP: 22/22 MP: 0/0
   182 | D:1      | Reached XP level 2. HP: 29/29 MP: 1/1
   336 | D:1      | Reached skill level 3 in Unarmed Combat
   435 | D:1      | Reached XP level 3. HP: 36/36 MP: 2/2
   552 | D:2      | Noticed Jessica
   558 | D:2      | Killed Jessica
   629 | D:2      | Reached XP level 4. HP: 45/45 MP: 3/3
   798 | D:2      | Noticed Robin
   840 | D:2      | Killed Robin
   969 | D:2      | Noticed Sigmund
   972 | D:2      | Reached XP level 5. HP: 54/54 MP: 4/4
   991 | D:2      | Reached skill level 4 in Unarmed Combat
  1002 | D:2      | Killed Sigmund
  1002 | D:2      | Reached XP level 6. HP: 20/63 MP: 5/5
  1178 | D:2      | Found a hide-covered altar of Uskayaw.
  1368 | D:3      | Reached skill level 5 in Unarmed Combat
  1463 | D:3      | Found a stormy altar of Qazlal.
  1531 | D:3      | HP: 3/65 [gnoll/spear of piercing (7)]
  1532 | D:3      | Slain by a gnoll

Skill      XL: |  1  2  3  4  5  6 |
---------------+-------------------+-----
Unarmed Combat | 3 4 5 |  5.2
Fighting       | 3 4 |  4.9
Dodging        | |  2.4
Shields        | |  2.4

Action                   |  1- 3 |  4- 6 || total
-------------------------+-------+-------++-------
Melee: Unarmed           |    82 |   176 ||   258
  Eat: Chunk             |    11 |     9 ||    20
Armor: Robe              |    41 |    45 ||    86
Dodge: Dodged            |    42 |    63 ||   105
Block: Shield            |    43 |    87 ||   130
